 Dungeon Crawl Stone Soup version 0.30-a0-777-ga9a30cbeda (webtiles) character file.

Game seed: 6673901630790768708

130 NinjaNoafa the Grasshopper (level 4, -3/38 HPs)
             Began as an Armataur Warper on Feb 13, 2023.
             Slain by an orc
             ... wielding a +0 heavy war axe
              (17 damage)
             ... on level 3 of the Dungeon.
             The game lasted 00:09:42 (1940 turns).

NinjaNoafa the Grasshopper (Armataur Warper)        Turns: 1940, Time: 00:09:42

Health: -3/38      AC:  5    Str: 17    XL:     4   Next: 90%
Magic:  7/7        EV:  9    Int: 15    God:
Gold:   246        SH:  5    Dex:  9    Spells: 4/8 levels left

rFire   . . .      SeeInvis .    a - +0 mace
rCold   . . .      Faith    .    (no shield)
rNeg    . . .      Spirit   .    b - +0 leather armour
rPois   .          Reflect  +    (no helmet)
rElec   .          Harm     .    (no cloak)
rCorr   .          Roll     +    l - +0 pair of gloves
Will    .....                    (no barding)
Stlth   +                        h - amulet of reflection
HPRegen 0.26/turn                (no ring)
MPRegen 0.10/turn                (no ring)

@: no status effects
A: large, rugged brown scales 3, deformed body, armoured tail, roll, long
tongue, awkward tongue
a: no special abilities


You were on level 3 of the Dungeon.
You visited 1 branch of the dungeon, and saw 3 of its levels.

You collected 246 gold pieces.

Inventory:

Hand Weapons
 a - a +0 mace (weapon)
Missiles
 d - 7 boomerangs of dispersal (quivered)
Armour
 b - a +0 leather armour (worn)
 l - a +0 pair of gloves (worn)
Jewellery
 h - an amulet of reflection (around neck)
Scrolls
 c - 5 scrolls of blinking
 e - 2 scrolls of summoning {unknown}
 f - 2 scrolls of torment {unknown}
 g - 3 scrolls of identify {unknown}
 j - a scroll of enchant armour {unknown}
 k - 2 scrolls of teleportation {unknown}
 m - a scroll of amnesia {unknown}
Potions
 i - a potion of haste {unknown}


   Skills:
 - Level 2.0 Fighting
 - Level 1.7 Maces & Flails
 - Level 0.8 Throwing
 - Level 1.2 Armour
 - Level 1.3 Dodging
 + Level 2.5 Spellcasting
 - Level 5.0 Translocations
 + Level 0.1 Air Magic


You had 4 spell levels left.
You knew the following spells:

 Your Spells              Type           Power      Damage    Failure   Level
a - Blink                 Tloc           32%        N/A       4%          2
b - Lesser Beckoning      Tloc           32%        N/A       4%          2

Your spell library contained the following spells:

 Spells                   Type           Power      Damage    Failure   Level
 Teleport Other           Tloc           16%        N/A       10%         3
 Shock                    Conj/Air       8%         1d3       24%         1
 Vhi's Electric Charge    Tloc/Air       18%        N/A       26%         3
 Manifold Assault         Tloc           16%        N/A       32%         4
 Storm Form               Tmut/Air       1%         N/A       100%        7


Dungeon Overview and Level Annotations

Branches:
Dungeon (3/15)

Altars:

Annotations:
D:3 3 runed translucent doors, kingofthe's ghost, amateur OpFE


Innate Abilities, Weirdness & Mutations

You are completely covered in rugged brown scales. (AC +3, +7% HP)
Armour fits poorly on your strangely shaped body.
You have a long armoured tail.
You roll when moving toward enemies. (Rampage)
Your long tongue fully drains potion bottles. (2x potion effects)
Your tongue gives you trouble enunciating. (1.5x scroll delay)


Message History

You are frozen.
You hit the endoplasm.
You kill the endoplasm!
Things that are here:
a +0 chain mail; a +0 dagger A jackal comes into view.
There is a stone staircase leading down here.
The jackal barks!
You roll towards the jackal!
You hit the jackal but do no damage.
The jackal bites you but does no damage.
You barely miss the jackal.
Your tail-slap misses the jackal.
The jackal bites you but does no damage.
The jackal closely misses you.
You closely miss the jackal. The jackal misses you.
A jackal comes into view.
The jackal barely misses you.
The jackal barks!
You hit the jackal.
You kill the jackal!
You hear a shout!
A jackal comes into view.
You roll towards the jackal!
The jackal barks!
You hit the jackal.
You kill the jackal!
You barely miss the jackal. You block the jackal's attack.
Unknown command.
You hit the jackal but do no damage.
Your tail-slap misses the jackal.
The jackal bites you. x2
You sock the jackal!
You kill the jackal!
You see here a jackal corpse.
There is a stone staircase leading up here.
You barely miss the orc.
The orc hits you with a +0 heavy war axe!
* * * LOW HITPOINT WARNING * * *
You hit the orc.
The orc is severely wounded.
The orc hits you with a +0 heavy war axe!
You die...

.^....# ......#
.. # ##....# . #
## ##.#### ##. .#
#. ...# #..#. #.
#### ..#. #. #
#### #.. ######.
## #... #o#
#####......
.##### ..# ####@#
#.....####.
.....#..#
#...>######.#####
#. ####.#.#
#.#####.....# #.
## #...# ###<#
#.##### #† .#
#.######...#
###.# #.
.###.###..>†###
#...# ##.
......[..####
#.### #..
...[..#### #.#
##.# .####...#
#.# #..#


You could see an orc.

Vanquished Creatures
  An orc wizard (D:2)
  3 adders
  2 worms (D:2)
  4 dart slugs
  An orc (D:3)
  3 ball pythons (D:3)
  3 bats (D:2)
  6 endoplasms
  A giant cockroach (D:1)
  3 goblins
  7 hobgoblins
  8 jackals
  4 kobolds
  3 quokkas
  2 frilled lizards
  10 rats
61 creatures vanquished.

Vanquished Creatures (others)
  A plant (D:3)
1 creature vanquished.

Grand Total: 62 creatures vanquished

Notes
Turn   | Place    | Note
-------+----------+-------------------------------------------
     0 | D:1      | NinjaNoafa the Armataur Warper began the quest for the Orb.
     0 | D:1      | Reached XP level 1. HP: 18/18 MP: 3/3
   255 | D:1      | Reached XP level 2. HP: 22/25 MP: 4/4
   721 | D:2      | Reached skill level 4 in Translocations
   725 | D:2      | Learned a level 2 spell: Blink
   805 | D:2      | Reached XP level 3. HP: 22/31 MP: 5/5
  1038 | D:2      | You fall into a shaft and drop 1 floor!
  1039 | D:3      | Found a faded altar of an unknown god.
  1072 | D:3      | Learned a level 2 spell: Lesser Beckoning
  1076 | D:3      | Got Plato's Omnibus of the Storm
  1165 | D:3      | Reached XP level 4. HP: 36/38 MP: 6/6
  1299 | D:3      | Found a runed translucent gate.
  1299 | D:3      | Found a runed translucent gate.
  1301 | D:3      | Found a runed translucent gate.
  1512 | D:2      | Reached skill level 5 in Translocations
  1817 | D:3      | Noticed kingofthe's ghost (amateur OpFE)
  1940 | D:3      | Slain by an orc

Illustrated notes

Levels and vault maps discovered:
D:1:      saegor_arrival_miasma, layout_loops_corners, minmay_tetromino_i2
D:2:      layout_loops_ring, ebering_dispersal_statue_hall
D:3:      layout_rooms, shapermc_ecumenical_altar_rom_forum,
          gammafunk_ghost_necromancy

Skill      XL: |  1  2  3  4 |
---------------+-------------+-----
Translocations | 4 5 |  5.0
Fighting       | 2 |  2.0
Spellcasting   | 2 |  2.5
Maces & Flails | |  1.7
Throwing       | |  0.8
Armour         | |  1.2
Dodging        | |  1.3
Air Magic      | |  0.1

Action                     |  1- 3 |  4- 6 || total
---------------------------+-------+-------++-------
  Melee: Mace              |   120 |    89 ||   209
         Tailslap          |    11 |     4 ||    15
         Punch             |     2 |     1 ||     3
    Use: Potion            |     1 |       ||     1
   Stab: Distracted        |     1 |       ||     1
 Armour: Leather armour    |    45 |    30 ||    75
  Dodge: Dodged            |    52 |    34 ||    86
  Block: Other             |    12 |    22 ||    34
         Reflection        |       |     1 ||     1

Table legend: (Time is in decaauts)
 A = Elapsed time spent in this place.
 B = Non-inter-level travel time spent in this place.
 C = Inter-level travel time spent in this place.
 D = Time resting spent in this place.
 E = Time spent auto-exploring this place.
 F = Levels seen in this place.
 G = Mean time per level.
                   A        B        C        D        E       F      G
               +--------+--------+--------+--------+--------+-----+--------+
         Total |   2006 |   1623 |    383 |      0 |      0 |   3 |  668.7 |
       Dungeon |   2006 |   1623 |    383 |      0 |      0 |   3 |  668.7 |
               +--------+--------+--------+--------+--------+-----+--------+

Top non-repeatable levels by time:
     D:2: 795 daAuts
     D:1: 713 daAuts
     D:3: 498 daAuts
